AoeStats
← Tahowsky_91

Lombardia

508060113Analyzed
3v3 RM · 12d ago on Sep 20, 2026· 71m 1s· 6 players
Game mode
Random Map
Map size
Normal (6 player)
Population
200
Speed
Normal
Resources
Standard
Victory
Conquest
Starting age
Dark Age
Ending age
Imperial Age
RankedLock teamsTeams togetherTeam positionsShared explorationLock speedFull tech treeHidden civsTurbo modeCheats
Victory
Defeat
🇹🇷 Mongols · Türkiye
1437
+12
🇹🇷 Saracens · Türkiye
1366
+15
🇹🇷 Magyars · Türkiye
1122
+24
🇨🇳 Hindustanis · China
1365
-18
🇨🇱 Khitans · Chile
1341
-17
🇨🇱 Britons · Chile
1298
-16
Titan
10:04 Feudal Age
8:25 Loom
11:52 Double-Bit Axe
14:46 Castle Age
21:56 Fletching
24:32 Gold Mining
24:36 Stone Mining
25:57 Bow Saw
25:31 Horse Collar
27:47 Wheelbarrow
27:14 Bodkin Arrow
27:47 Ballistics
31:59 Imperial Age
30:12 Treadmill Crane
30:44 Masonry
31:32 Heavy Plow
31:56 Padded Archer Armor
32:17 Hand Cart
33:20 Bracer
34:23 Chemistry
33:34 Elite Longbowman
35:44 Conscription
36:33 Fortified Wall
37:24 Leather Archer Armor
38:15 Two-Man Saw
37:54 Gold Shaft Mining
39:07 Yeomen
39:24 Hoardings
45:30 Caravan
47:29 Murder Holes
50:37 Ring Archer Armor
blackgraw
10:19 Feudal Age
12:04 Loom
14:49 Castle Age
12:47 Double-Bit Axe
13:30 Domestication
15:06 Gold Mining
19:43 Scale Barding Armor
19:57 Husbandry
20:40 Forging
21:06 Bow Saw
24:27 Wheelbarrow
24:53 Fletching
25:23 Padded Archer Armor
30:40 Imperial Age
28:22 Stone Mining
28:13 Light Cavalry
29:14 Chain Barding Armor
28:50 Bodkin Arrow
29:11 Leather Archer Armor
29:21 Heavy Cavalry Archer
30:38 Iron Casting
30:31 Ballistics
31:17 Thumb Ring
32:10 Bracer
33:11 Chemistry
33:42 Ring Archer Armor
33:17 Town Watch
35:10 Hussar
36:26 Hand Cart
40:19 Parthian Tactics
40:34 Masonry
43:35 Plate Barding Armor
45:11 Siege Engineers
46:47 Caravan
47:58 Conscription
49:55 Ordo Cavalry
50:40 Lamellar Armor
50:38 Scale Mail Armor
50:49 Squires
50:34 Arson
51:11 Elite Skirmisher
51:37 Treadmill Crane
54:46 Two-Man Saw
54:44 Pikeman
55:58 Chain Mail Armor
63:41 Elite Steppe Lancer
胖过
11:27 Feudal Age
15:16 Castle Age
13:25 Double-Bit Axe
13:47 Horse Collar
17:07 Bow Saw
21:10 Wheelbarrow
21:08 Stone Mining
22:16 Gold Mining
23:25 Loom
25:35 Gold Shaft Mining
26:30 Hand Cart
27:09 Grand Trunk Road
30:08 Imperial Age
28:32 Scale Barding Armor
28:37 Forging
28:51 Ballistics
28:50 Husbandry
29:01 Bloodlines
29:49 Town Watch
30:27 Chain Barding Armor
30:43 Iron Casting
30:20 Heavy Camel Rider
31:28 Conscription
32:29 Plate Barding Armor
32:02 Imperial Camel Rider
33:55 Blast Furnace
38:24 Caravan
39:55 Two-Man Saw
38:58 Light Cavalry
40:08 Hussar
45:37 Fortified Wall
46:28 Chemistry
BassMaverick
10:38 Feudal Age
9:26 Loom
14:57 Castle Age
13:40 Double-Bit Axe
13:37 Horse Collar
25:07 Bow Saw
26:32 Wheelbarrow
27:17 Stone Mining
29:04 Hand Cart
28:39 Town Watch
33:42 Imperial Age
32:03 Forging
31:59 Scale Barding Armor
32:29 Bloodlines
32:20 Husbandry
33:27 Masonry
34:27 Iron Casting
34:13 Chain Barding Armor
33:21 Light Cavalry
35:00 Conscription
34:57 Bimaristan
34:49 Elite Mameluke
37:07 Blast Furnace
36:58 Fortified Wall
37:48 Chemistry
37:35 Plate Barding Armor
39:06 Fletching
39:16 Padded Archer Armor
39:31 Siege Engineers
39:22 Murder Holes
40:45 Bodkin Arrow
41:05 Leather Archer Armor
42:31 Caravan
43:49 Hoardings
46:25 Coinage
45:56 Hussar
49:08 Bracer
49:38 Ring Archer Armor
56:29 Banking
56:50 Treadmill Crane
57:17 Onager
64:12 Siege Onager
65:25 Counterweights
70:35 Two-Man Saw
Tahowsky_91
10:38 Feudal Age
11:30 Double-Bit Axe
14:11 Castle Age
12:19 Horse Collar
15:08 Bow Saw
18:38 Wheelbarrow
20:36 Hand Cart
22:03 Gold Mining
24:09 Stone Mining
24:20 Heavy Plow
29:12 Imperial Age
26:29 Loom
26:30 Town Watch
26:38 Fletching
26:49 Padded Archer Armor
27:21 Bodkin Arrow
27:47 Ballistics
29:59 Bloodlines
29:49 Husbandry
30:17 Conscription
29:53 Elite Mangudai
31:18 Bracer
32:25 Chemistry
32:37 Leather Archer Armor
32:29 Thumb Ring
32:50 Parthian Tactics
34:51 Scale Barding Armor
34:57 Forging
36:31 Caravan
37:02 Coinage
36:56 Masonry
36:52 Siege Engineers
37:25 Hoardings
37:19 Nomads
39:26 Chain Barding Armor
39:42 Iron Casting
41:54 Careening
46:02 Banking
46:14 Murder Holes
47:20 Blast Furnace
60:48 Capped Ram
61:51 Drill
61:58 Siege Ram
aragorn
1:09 Loom
1:57 Loom
11:33 Feudal Age
16:35 Castle Age
14:55 Double-Bit Axe
17:59 Wheelbarrow
18:21 Stone Mining
18:32 Horse Collar
22:37 Wheelbarrow
22:55 Heavy Plow
24:18 Bow Saw
27:21 Hand Cart
27:49 Gold Mining
29:31 Gold Shaft Mining
35:49 Imperial Age
34:11 Scale Barding Armor
35:54 Bloodlines
36:28 Chain Barding Armor
36:13 Husbandry
35:57 Cavalier
36:46 Corvinian Army
38:24 Plate Barding Armor
37:46 Paladin
41:28 Murder Holes
41:25 Fletching
44:29 Caravan
44:54 Bodkin Arrow
55:58 Bracer
56:12 Masonry
61:15 Elite Magyar Huszar
Connection lost

Rejoining the realm…

Still unreachable

The connection could not be restored.

Session expired

The server has moved on; the page needs a fresh start.